 Dungeon Crawl Stone Soup version 0.30-a0-568-g124715a40b (webtiles) character file.

Game seed: 803097376340627903

656 12572944 the Ducker (level 7, -5/91 HPs)
             Began as a Minotaur Berserker on Dec 29, 2022.
             Was a Priest of Trog.
             Slain by Prince Ribbit (14 damage)
             ... on level 5 of the Dungeon.
             The game lasted 00:09:51 (3533 turns).

12572944 the Ducker (Minotaur Berserker)            Turns: 3533, Time: 00:09:52

Health: -5/91      AC:  3    Str: 21    XL:     7   Next: 29%
Magic:  6/6        EV: 13    Int:  4    God:    Trog [***...]
Gold:   273        SH:  0    Dex: 12    Spells: 6/6 levels left

rFire   . . .      SeeInvis .    b - +6 mace "Atehatim" {freeze, rPois}
rCold   . . .      Faith    .    (no shield)
rNeg    . . .      Spirit   .    f - +0 leather armour
rPois   +          Reflect  .    (helmet restricted)
rElec   .          Harm     .    h - scarf {repulsion}
rCorr   .          Rampage  .    (no gloves)
Will    .....                    (no boots) Stlth
                                 (no amulet)
HPRegen 0.35/turn                (no ring)
MPRegen 0.10/turn                (no ring)

@: berserking, repel missiles, very quick
A: horns 2, retaliatory headbutt
a: Renounce Religion, Berserk, Trog's Hand


You were on level 5 of the Dungeon.
You worshipped Trog.
Trog was most pleased with you.
You visited 2 branches of the dungeon, and saw 6 of its levels.
You also visited: Sewer.

You collected 273 gold pieces.

Inventory:

Hand Weapons
 a - a +0 hand axe
 b - the +6 mace "Atehatim" (weapon) {freeze, rPois}
   (You found it on level 2 of the Dungeon)

   It freezes those it strikes, dealing additional cold damage.
   It can also slow down cold-blooded creatures.
   rPois:     It protects you from poison.
 g - a +0 spear
 l - a +0 lajatang
Missiles
 o - 2 javelins (quivered)
 s - 12 poisoned darts
 A - 21 stones
Armour
 f - a +0 leather armour (worn)
 h - a scarf of repulsion (worn)
 m - a +0 cloak
 p - a +0 animal skin
Jewellery
 B - a ring of ice
 D - a ring of poison resistance
Wands
 t - a wand of light (2)
 w - a wand of flame (12)
Scrolls
 c - 5 scrolls of enchant armour
 e - a scroll of enchant weapon {unknown}
 n - 2 scrolls of fear
 r - 3 scrolls of amnesia
 u - a scroll of fog
 v - 2 scrolls of blinking
 y - a scroll of noise
Potions
 d - 3 potions of flight
 i - 2 potions of curing {@q1}
 j - 2 potions of heal wounds {unknown}
 k - 2 potions of berserk rage {unknown}
 q - 2 potions of might
 x - a potion of resistance
 z - a potion of mutation {unknown}
 C - a potion of haste {unknown}
 E - a potion of lignification {unknown}


   Skills:
 + Level 5.6 Fighting
 + Level 5.5 Axes
 + Level 4.8 Armour
 * Level 5.9 Dodging


You had 6 spell levels left.
You didn't know any spells.
Your spell library was empty.

Dungeon Overview and Level Annotations

Branches:
Dungeon (5/15)             Temple (1/1) D:4           Sewer (visited)

Altars:
Ashenzari
Dithmenos
Fedhas
Gozag
Hepliaklqana
Makhleb
Nemelex Xobeh
Okawaru
Ru
Sif Muna
Trog
Uskayaw
Vehumet
Wu Jian
Xom
Yredelemnul
Zin
The Shining One

Shops:
D:1 :   D:3 *

Annotations:
D:5 Prince Ribbit


Innate Abilities, Weirdness & Mutations

You have a pair of horns on your head.
You reflexively headbutt those who attack you in melee.


Message History

Prince Ribbit comes into view.
Found 6 gold pieces.
Prince Ribbit gives a loud, deep croak!
The iguana hisses angrily.
The adder bites you but does no damage.
There is an open door here.
You barely miss the adder. The adder bites you.
You are poisoned.
The adder poisons you!
Prince Ribbit blinks!
You sock the adder! You freeze the adder.
You kill the adder!
Trog accepts your kill.
You feel sick.
Okay, then.
You feel sick.
You feel sick.
You sock the iguana! You freeze the iguana. Your headbutt misses the iguana.
The iguana is heavily wounded.
You feel sick. The iguana barely misses you. You furiously retaliate!
You headbutt the iguana!
You kill the iguana!
Trog accepts your kill.
You miss Prince Ribbit.
You feel sick.
You are no longer poisoned.
Prince Ribbit hits you!
You thump Prince Ribbit! You freeze Prince Ribbit.
Prince Ribbit is heavily wounded.
Prince Ribbit closely misses you. Prince Ribbit hits you!
* * * LOW HITPOINT WARNING * * *
You closely miss Prince Ribbit.
Prince Ribbit is heavily wounded.
Prince Ribbit hits you!
* * * LOW HITPOINT WARNING * * *
Prince Ribbit misses you. You furiously retaliate!
You headbutt Prince Ribbit!
A red film seems to cover your vision as you go berserk!
You feel yourself moving faster!
You feel mighty! Prince Ribbit closely misses you.
You closely miss Prince Ribbit.
Prince Ribbit is almost dead.
Prince Ribbit hits you!
You die...

#......... #.#######+###
#......... #............#
##....##'# #............+
#....#... #............#
#....#...
#....F.......####....#...
#....####......########
#....#..#......#
+....F@.#......#
#....#..'......#
#....#.##......#
......##.###'#.......
...... ...#..#.......
......#...#..#.......
..... ########.......
+#..$ ....#+# ....#


You could see Prince Ribbit.

Vanquished Creatures
  A water moccasin (D:5)
  A black bear (D:4)
  Pargi (Sewer)
  A scorpion (D:4)
  Ijyb (D:4)
  2 iguanas
  An orc wizard (D:5)
  7 adders
  4 gnolls (D:3)
  A river rat (D:5)
  A shadow imp (D:5)
  A white imp (D:5)
  2 worms
  5 dart slugs
  2 orcs (D:5)
  8 ball pythons
  7 endoplasms
  9 giant cockroaches
  5 goblins
  5 hobgoblins
  2 quokkas
  3 bats
  3 frilled lizards
  11 kobolds
  9 rats
93 creatures vanquished.

Notes
Turn   | Place    | Note
-------+----------+-------------------------------------------
     0 | D:1      | 12572944 the Minotaur Berserker began the quest for the
                  | Orb.
     0 | D:1      | Reached XP level 1. HP: 19/19 MP: 0/0
   259 | D:1      | Found Ykoaminiwn's Book Shop.
   307 | D:1      | Reached XP level 2. HP: 25/27 MP: 1/1
   539 | D:2      | Reached ** piety under Trog
   559 | D:2      | Found a faded altar of an unknown god.
   709 | D:2      | Reached XP level 3. HP: 33/33 MP: 2/2
  1164 | D:2      | Identified the +6 mace "Atehatim" {freeze, rPois}
  1170 | D:2      | !bestwep
  1607 | D:3      | Found an iron altar of Okawaru.
  1649 | D:3      | Found Zin's Purification Station.
  1652 | D:3      | Found a glowing silver altar of Zin.
  1736 | D:3      | Reached XP level 4. HP: 39/40 MP: 3/3
  2076 | D:4      | Found a staircase to the Ecumenical Temple.
  2082 | Temple   | Entered the Ecumenical Temple
  2207 | D:4      | Reached XP level 5. HP: 46/47 MP: 4/4
  2321 | D:4      | Found a broken altar of Ashenzari.
  2443 | D:4      | Reached *** piety under Trog
  2451 | D:4      | Noticed Ijyb
  2456 | D:4      | Killed Ijyb
  2459 | D:4      | !bestwep
  2641 | D:4      | Found a shadowy altar of Dithmenos.
  2690 | D:4      | Reached XP level 6. HP: 55/55 MP: 5/5
  2717 | D:4      | Reached skill level 5 in Fighting
  2717 | D:4      | Reached skill level 5 in Axes
  2717 | D:4      | Reached skill level 5 in Dodging
  2948 | D:5      | Entered Level 5 of the Dungeon
  2973 | D:5      | Found a glowing drain.
  2985 | Sewer    | Entered a sewer
  3066 | Sewer    | Noticed Pargi
  3074 | Sewer    | Killed Pargi
  3473 | D:5      | Noticed a water moccasin
  3482 | D:5      | Killed a water moccasin
  3483 | D:5      | Reached XP level 7. HP: 59/61 MP: 6/6
  3523 | D:5      | Noticed Prince Ribbit
  3533 | D:5      | Slain by Prince Ribbit

Illustrated notes

##### ######...# # #........###
=.. #.##.......####.....
#.##.>....@.....#
######.#........####.#
#.........#...### #..
##.#########...# #.#
...#...#.#.########## #.#
.###.#.#.#.# #.....# [..
.###.#...#.####.....####.#######
.....#####..........#....#.#.^8#
.....#####..........#.##.#^#.#.#


Turn 1170 on D:2: !bestwep .# # .. #.#. .# ..# .# #.# .# ##########.####.#
#...............# #.# #.........# #.# #.###.###.# #.# #.# #.# #@# #.# #.# #.#
#.# #.# #.# #.# #.# ###.####.###.# #.# .............# #.# .............# #.#
########.##### #.# #.# #.# #.# Turn 2459 on D:4: !bestwep

Levels and vault maps discovered:
D:1:      grunt_arrival_crossed_arrows, layout_basic, serial_shops, shop
D:2:      layout_loops_cross, shapermc_ecumenical_altar_mp_highgroup,
          bh_walls_and_bars
D:3:      layout_loops_ring, zin_purify, amcnicky_altar_gilded
D:4:      layout_loops_ring, nicolae_dithmenos_the_darkroom,
          mainiacjoe_overflow_six_doors_small, temple_statues,
          grunt_ministairs_1, kennysheep_cross_bottleneck, minmay_distorted,
          uniq_ijyb
D:5:      layout_gridville, portal_sewer_entry_e, uniq_prince_ribbit1
Temple:   nicolae_temple_ecumenical_triangle

Skill      XL: |  1  2  3  4  5  6 |
---------------+-------------------+-----
Fighting       | 4 5 |  5.6
Axes           | 4 5 |  5.5
Dodging        | 3 4 5 |  5.9
Armour         | 3 4 |  4.8

Action                   |  1- 3 |  4- 6 |  7- 9 || total
-------------------------+-------+-------+-------++-------
Melee: Hand axe          |    65 |     5 |       ||    70
       Headbutt          |    12 |     6 |       ||    18
       Mace              |    24 |    74 |     9 ||   107
       Punch             |       |     1 |     1 ||     2
Throw: Dart              |       |     5 |       ||     5
Invok: Berserk           |     1 |     1 |     1 ||     3
  Use: Scroll            |       |     7 |     1 ||     8
Armor: Leather armour    |    21 |    18 |     1 ||    40
Dodge: Dodged            |    42 |    58 |     4 ||   104
       Repelled          |       |     1 |       ||     1

Table legend: (Time is in decaauts)
 A = Elapsed time spent in this place.
 B = Non-inter-level travel time spent in this place.
 C = Inter-level travel time spent in this place.
 D = Time resting spent in this place.
 E = Time spent auto-exploring this place.
 F = Levels seen in this place.
 G = Mean time per level.
                   A        B        C        D        E       F      G
               +--------+--------+--------+--------+--------+-----+--------+
         Total |   3583 |   3464 |    119 |    144 |   2522 |   7 |  511.9 |
       Dungeon |   3331 |   3221 |    110 |    107 |   2492 |   5 |  666.2 |
        Temple |     46 |     37 |      9 |      0 |     30 |   1 |   46.0 |
         Sewer |    205 |    205 |      0 |     37 |      0 |   1 |  205.0 |
               +--------+--------+--------+--------+--------+-----+--------+

Top non-repeatable levels by time:
     D:4: 873 daAuts
     D:3: 840 daAuts
     D:2: 681 daAuts
     D:1: 538 daAuts
     D:5: 397 daAuts
   Sewer: 205 daAuts
  Temple: 46 daAuts
